Map: Crête de Lerilak

Players

gluteus - Winner!

  • Race: Protoss Protoss
  • League: Silver
  • Spawn Location: 5:00

zidar

  • Race: Zerg Zerg
  • League: Silver
  • Spawn Location: 1:00

VOD

Have the link to the VOD?

Description

Time

  • Played on: Dec. 16, 2015, 2:25 p.m.
  • Length: 14:23
Show
View Real Time Build Order
Export as new Build Order

gluteus Protoss - Winner!

Build Orders: 1 Gate Expand, Colossus Rush 

Get SALT Encoding   

  12  0:01  Probe (Chrono Boost)  
  13  0:12  Probe (Chrono Boost)  
  14  0:22  Pylon  
  14  0:25  Probe (Chrono Boost)  
  15  0:40  Probe (Chrono Boost)  
  16  0:44  Gateway  
  16  0:51  Probe (Chrono Boost)  
  17  1:01  Probe (Chrono Boost)  
  18  1:18  Probe (Chrono Boost)  
  18  1:22  Nexus  
  18  1:34  Cybernetics Core  
  18  1:35  Zealot  
  20  1:42  Probe (Chrono Boost)  
  21  1:47  Pylon  
  21  1:53  Probe (Chrono Boost)  
  22  1:56  Assimilator  
  22  2:00  Assimilator  
  22  2:10  Zealot  
  24  2:22  Pylon  
  24  2:25  Probe (Chrono Boost)  
  25  2:36  Probe (Chrono Boost)  
  26  2:46  Probe (Chrono Boost)  
  26  2:47  Forge  
  27  2:53  Zealot, Pylon  
  29  3:01  Pylon  
  29  3:10  Probe (Chrono Boost)  
  29  3:12  Probe (Chrono Boost)  
  31  3:20  Probe (Chrono Boost)  
  31  3:22  Probe (Chrono Boost), Photon Cannon  
  33  3:27  Photon Cannon  
  33  3:30  Zealot  
  35  3:36  Probe (Chrono Boost)  
  35  3:37  Probe (Chrono Boost)  
  37  3:47  Probe x2 (Chrono Boost)  
  39  3:52  Robotics Facility  
  39  3:58  Probe (Chrono Boost), Assimilator  
  39  4:00  Probe (Chrono Boost)  
  41  4:10  Sentry  
  41  4:12  Probe x2 (Chrono Boost)  
  41  4:15  Assimilator  
  45  4:19  Pylon  
  45  4:23  Warp Gate  
  45  4:25  Probe x2 (Chrono Boost)  
  47  4:36  Probe x2 (Chrono Boost)  
  49  4:42  Zealot  
  51  4:46  Probe x2 (Chrono Boost)  
  51  4:48  Observer  
  51  4:52  Robotics Bay  
  54  4:56  Pylon  
  54  5:03  Gateway  
  54  5:09  Zealot  
  56  5:15  Photon Cannon  
  56  5:22  Probe x2 (Chrono Boost)  
  56  5:26  Pylon  
  58  5:33  Probe x2 (Chrono Boost)  
  60  5:44  Probe x2 (Chrono Boost)  
  62  5:52  Colossus  
  68  5:57  Stalker (Chrono Boost)  
  68  5:58  Stalker (Chrono Boost)  
  72  6:04  Probe x2 (Chrono Boost)  
  72  6:08  Pylon  
  72  6:11  Pylon  
  72  6:31  Probe, Twilight Council  
  72  6:33  Probe  
  74  6:42  Probe  
  74  6:43  Gateway x2  
  74  6:45  Gateway, Probe  
  76  6:47  Gateway  
  76  6:48  Gateway  
  76  6:50  Gateway  
  76  6:52  Colossus  
  76  6:53  Gateway  
  82  6:55  Gateway  
  82  7:00  Probe  
  82  7:02  Probe  
  84  7:08  Pylon  
  84  7:10  Probe, Pylon  
  84  7:11  Pylon  
  84  7:12  Pylon  
  84  7:14  Probe  
  86  7:26  Zealot (Chrono Boost)  
  88  7:45  Colossus  
  94  7:53  Nexus  
  94  7:54  Extended Thermal Lance  
  94  7:59  Protoss Ground Weapons Level 1  
  94  8:04  Forge  
  94  8:06  Sentry x2  
  94  8:07  Sentry x4  
  94  8:08  Sentry x4  
  114  8:35  Zealot x3  
  114  8:36  Zealot x2  
  114  8:37  Zealot x5  
  134  8:47  Colossus  
  140  9:07  Assimilator  
  138  9:12  Assimilator  
  118  9:19  Zealot  
  118  9:20  Zealot, Stalker x3  
  118  9:21  Stalker x3  
  93  9:41  Zealot  
  93  9:42  Zealot  
  93  9:43  Stalker x2  
  84  9:59  Colossus  
  84  10:02  Zealot x2  
  94  10:15  Probe x2  
  94  10:16  Probe  
  97  10:25  Probe x2  
  99  10:28  Probe  
  98  10:36  Probe  
  99  11:09  Stalker x5  
  99  11:10  Stalker x3  
  99  11:11  Stalker  
  115  11:17  Probe  
  115  11:18  Probe  
  115  11:19  Probe  
  118  11:28  Probe  
  119  11:36  Protoss Ground Weapons Level 2 (Chrono Boost), Pylon  
  119  11:38  Pylon  
  119  11:45  Zealot x2  
  119  11:46  Sentry x6  
  135  11:47  Sentry  
  135  11:48  Sentry  
  139  11:58  Protoss Ground Armor Level 1 (Chrono Boost)  
  96  13:06  Colossus  
  96  13:10  Stalker  
  96  13:11  Stalker x5  
  96  13:12  Stalker x3  
  120  13:21  Robotics Facility  
  104  13:54  Zealot x2  
  104  13:55  Zealot x4  
  114  13:56  Zealot x2  
  114  13:57  Zealot x2  
Show
View Real Time Build Order
Export as new Build Order

zidar Zerg 

Build Orders: 3 Hatch before Pool 

Get SALT Encoding   

  12  0:01  Drone  
  13  0:12  Overlord  
  13  0:17  Drone  
  14  0:31  Drone x2  
  14  0:34  Drone  
  17  0:56  Hatchery  
  16  0:59  Drone  
  17  1:06  Drone  
  18  1:33  Drone x2  
  18  1:35  Hatchery  
  19  1:46  Drone x2  
  21  1:55  Overlord  
  20  2:16  Spawning Pool  
  20  2:21  Extractor  
  18  2:23  Drone x4  
  22  2:35  Drone x2  
  24  2:37  Drone  
  25  2:45  Drone  
  25  2:49  Drone x2  
  28  2:51  Overlord  
  28  3:03  Queen x2  
  32  3:06  Queen  
  32  3:12  Drone x2  
  36  3:28  Drone x7  
  43  3:34  Extractor  
  42  3:49  Lair  
  42  3:58  Extractor  
  42  3:59  Extractor, Drone x5  
  42  4:00  Drone x3  
  48  4:02  Overlord  
  48  4:27  Roach Warren  
  48  4:29  Metabolic Boost  
  47  4:39  Evolution Chamber  
  47  4:41  Evolution Chamber  
  47  4:45  Drone x9  
  54  4:46  Drone x2  
  56  5:06  Hydralisk Den  
  55  5:08  Zerg Missile Weapons Level 1, Zerg Ground Armor Level 1  
  55  5:13  Drone x3  
  58  5:20  Overlord x3  
  58  5:21  Overlord  
  58  5:45  Roach x13  
  58  5:46  Roach x2  
  58  5:49  Glial Reconstitution  
  88  5:53  Muscular Augments  
  88  6:08  Roach  
  88  6:11  Overlord x4  
  90  6:32  Overlord  
  90  6:33  Overlord x2  
  90  6:45  Hydralisk x3  
  90  6:46  Hydralisk x4  
  100  6:47  Hydralisk x4  
  100  6:48  Hydralisk  
  100  6:53  Hydralisk x3  
  120  7:10  Extractor  
  120  7:12  Extractor  
  118  7:16  Roach x5  
  118  7:17  Roach x2  
  118  7:18  Roach  
  118  7:22  Ravager  
  135  7:24  Ravager  
  135  7:28  Overlord x3  
  135  7:29  Overlord  
  136  7:43  Overseer  
  136  7:48  Zerg Missile Weapons Level 2  
  136  8:03  Zerg Ground Armor Level 2  
  136  8:14  Ravager  
  137  8:29  Drone  
  137  8:30  Drone x6  
  137  8:31  Drone x3  
  137  8:32  Drone x2  
  149  8:41  Roach x5, Hydralisk x4  
  167  8:59  Roach  
  72  9:52  Hydralisk  
  72  9:53  Roach x4, Hydralisk  
  72  9:54  Roach x4  
  88  10:16  Roach x4  
  88  10:20  Hydralisk  
  88  10:21  Hydralisk  
  90  10:38  Roach  
  90  10:39  Roach x11  
  110  10:45  Hydralisk  
  110  10:46  Hydralisk  
  97  11:13  Hydralisk x4  
  105  11:20  Hatchery  
  105  11:23  Hydralisk  
  105  11:24  Hydralisk x3  
  105  11:25  Hydralisk  
  114  11:26  Roach x2  
  118  11:38  Infestation Pit  
  117  11:45  Roach x3  
  117  11:46  Roach x2  
  81  12:34  Hydralisk  
  81  12:35  Roach x3, Hydralisk x3  
  81  12:36  Roach x6, Hydralisk  
  60  13:48  Roach x6  
Tags
 
Add a new tag
Caveats
  • Supply blocks, unpowered buildings, or Contaminate may cause inaccurate times.
  • Supply counts are checked every 10 seconds.